 Dungeon Crawl Stone Soup version 0.29.1-15-g9cfb28693d (webtiles) character file.

Game seed: 3039902645820151617

9 hawla the Chiller (level 2, 0/20 HPs)
             Began as a Meteoran Ice Elementalist on Apr 4, 2023.
             Slain by a hound (2 damage)
             ... on level 3 of the Dungeon.
             The game lasted 00:00:30 (79 turns).

hawla the Chiller (Meteoran Ice Elementalist)         Turns: 79, Time: 00:00:31

Health: 0/20       AC:  2    Str:  9    XL:     2   Next: 35%
Magic:  2/6        EV: 12    Int: 16    God:
Gold:   15         SH:  0    Dex: 14    Spells: 5/6 levels left

rFire   . . .      SeeInvis .   (no weapon)
rCold   . . .      Faith    .   (no shield)
rNeg    . . .      Spirit   .   a - +0 robe
rPois   .          Reflect  .   (no helmet)
rElec   .          Harm     .   (no cloak)
rCorr   .          Rampage  .   (no gloves)
Will    .....                   (no boots)
Stlth   +.........              (no amulet)
HPRegen 0.06/turn               (no ring)
MPRegen 0.10/turn               (no ring)

@: glowing
A: sense surroundings 1, otherworldly, glowing, explore regen
a: no special abilities


You were on level 3 of the Dungeon.
You visited 1 branch of the dungeon, and saw 3 of its levels.

You collected 15 gold pieces.

Inventory:

Armour
 a - a +0 robe (worn)
Potions
 b - a potion of magic


   Skills:
 + Level 0.2 Fighting
 + Level 2.5 Dodging
 - Level 1.4 Stealth
 + Level 2.7 Spellcasting
 + Level 4.8 Ice Magic


You had 5 spell levels left.
You knew the following spells:

 Your Spells              Type           Power      Damage    Failure   Level
a - Freeze                Ice            68%        1d8       2%          1

Your spell library contained the following spells:

 Spells                   Type           Power      Damage    Failure   Level
 Frozen Ramparts          Ice            34%        1d6       8%          3
 Ozocubu's Armour         Ice            17%        N/A       8%          3
 Hailstorm                Conj/Ice       9%         3d4       56%         4


Dungeon Overview and Level Annotations

Branches:
Dungeon (3/15) Zot: 1720

Altars:


Innate Abilities, Weirdness & Mutations

You passively map a small area around you.
You are easily found by Zot.
You glow in the dark.
You regain HP and MP as you explore.


Message History

Confirm with . or Enter, or press ? or * to list all spells.
You can't see any susceptible monsters within range! (Use Z to cast anyway.) Unknown command.
The hound bites you.
An endoplasm comes into view.
The hound completely misses you.
Things that are here:
a +0 club; a rat corpse; an orc corpse
Casting: Freeze (safe; 2% risk of failure)
Confirm with . or Enter, or press ? or * to list all spells.
Aiming: Freeze (safe; 2% risk of failure)
Press: ? - help, Shift-Dir - straight line, f - hound
Aim: a hound You freeze the hound.
The hound is moderately wounded.
The endoplasm quivers.
The hound bites you.
A ball python comes into view.
Casting: Freeze (safe; 2% risk of failure)
Confirm with . or Enter, or press ? or * to list all spells.
Aiming: Freeze (safe; 2% risk of failure)
Press: ? - help, Shift-Dir - straight line, f/p - hound
Aim: a hound (moderately wounded)
You freeze the hound.
The hound is heavily wounded.
The ball python hisses angrily.
The hound bites you.
* * * LOW HITPOINT WARNING * * *
The orc priest hits you but does no damage.
The hound bites you.
* * * LOW HITPOINT WARNING * * *
Casting: Freeze (safe; 2% risk of failure)
Confirm with . or Enter, or press ? or * to list all spells.
Aiming: Freeze (safe; 2% risk of failure)
Press: ? - help, Shift-Dir - straight line, f - orc priest, p - hound
Aim: an orc priest, wielding a +0 club You freeze the orc priest.
The orc priest is moderately wounded.
The hound bites you.
You die...

#...†.....#
#.#####.#.# *,,
#.#####.#.# **
###.........#
#...#.....#.# *
*
#.#.#.###.#.#,
* #.#.#.##....+
, #.#.........#
#.#.......o@# *
#.........#h# ,
, *
...........o. ,
,,
#............#*
* ,##.##.##...
, , * ..,..
.JS.. ,, ..
....., * * ## ,
#...## , < *


You could see a hound, an orc priest, an orc, an endoplasm and a ball python.

Vanquished Creatures
  A dart slug (D:1)
  An orc (D:3)
  An endoplasm (D:2)
  A ball python (D:2)
  A frilled lizard (D:3)
  2 rats
7 creatures vanquished.

Notes
Turn   | Place    | Note
-------+----------+-------------------------------------------
     0 | D:1      | hawla the Meteoran Ice Elementalist began the quest for the
                  | Orb.
     0 | D:1      | Reached XP level 1. HP: 14/14 MP: 5/5
    40 | D:2      | Reached XP level 2. HP: 6/20 MP: 2/6
    74 | D:3      | Noticed a hound
    79 | D:3      | Slain by a hound

Illustrated notes

Levels and vault maps discovered:
D:1:      wheals_arrival_shading, layout_loops_cross
D:2:      layout_basic, basic_ecumenical_altar, chequers_mini_garden,
          uniq_sigmund
D:3:      layout_basic, uniq_pargi

Action                   || total
-------------------------++-------
Melee: Unarmed           ||    18
       Punch             ||     1
 Cast: Freeze            ||     9
Armor: Robe              ||     4
Dodge: Dodged            ||     8
